 Dungeon Crawl Stone Soup version 0.25.1-9-gc5326a611f (webtiles) character file.

Game seed: 14699882742472531333

7483 stebl the Zephyrmancer (level 11, -6/71 HPs)
             Began as a Tengu Air Elementalist on Dec 23, 2020.
             Was a Believer of Vehumet.
             Killed from afar by an electric eel (9 damage)
             ... with a bolt of electricity
             ... on level 10 of the Dungeon on Dec 24, 2020.
             The game lasted 00:59:33 (13990 turns).

stebl the Zephyrmancer (Tengu Air Elementalist)    Turns: 13990, Time: 00:59:34

Health: -6/71      AC:  5    Str:  9    XL:     11   Next: 16%
Magic:  8/21       EV: 21    Int: 24    God:    Vehumet [**....]
Gold:   199        SH:  0    Dex: 15    Spells: 7/22 levels left

rFire    . . .     SeeInvis .   a - staff of conjuration {!a}
rCold    . . .     Gourm    .   (no shield)
rNeg     . . .     Faith    .   y - +2 robe {MR+}
rPois    .         Spirit   .   (helmet restricted)
rElec    .         Reflect  .   w - scarf {+Inv}
rCorr    .         Harm     .   F - +0 pair of gloves
MR       +....                  (boots unavailable)
Stlth    ++........             (no amulet)
HPRegen  0.21/turn              Z - ring of wizardry
MPRegen  0.17/turn              I - +6 ring of intelligence

@: flying quickly and evasively, quick
A: beak, talons 3, able to fly
a: Stop Flying, Renounce Religion, Evoke Invisibility


You were on level 10 of the Dungeon.
You worshipped Vehumet.
Vehumet was pleased with you.
You were not hungry.

You visited 2 branches of the dungeon, and saw 11 of its levels.

You collected 474 gold pieces.
You spent 275 gold pieces at shops.


Innate Abilities, Weirdness & Mutations

You have a beak for a mouth.
You have claws for feet.
You can fly continuously.


   Skills:
 + Level 9.3 Fighting
 - Level 8.0 Dodging
 - Level 2.0 Stealth
 - Level 6.0 Spellcasting
 - Level 8.0 Conjurations
 - Level 11.7 Air Magic


You had 7 spell levels left.
You knew the following spells:

 Your Spells              Type           Power        Failure   Level  Hunger
i - Swiftness             Chrm/Air       #####...     1%          2    None
k - Airstrike             Air            ######....   1%          4    ###....
l - Lightning Bolt        Conj/Air       ######....   1%          5    #####..
t - Static Discharge      Conj/Air       ######..     1%          3    #......
z - Shock                 Conj/Air       ####         1%          1    None

Your spell library contained the following spells:

 Spells                   Type           Power        Failure   Level  Hunger
 Freeze                   Ice            #...         3%          1    None

Inventory:

Missiles
 z - a throwing net {=f}
 C - 4 boomerangs (quivered)
Armour
 w - a scarf of invisibility (worn)
 y - a +2 robe of magic resistance (worn)
 F - a +0 pair of gloves (worn)
Magical Staves
 a - an uncursed staff of conjuration (weapon) {!a}
Jewellery
 I - a +6 ring of intelligence (right hand)
 Z - a ring of wizardry (left hand)
Wands
 p - a wand of clouds (6)
 q - a wand of iceblast (7)
 x - a wand of flame (5)
 A - a wand of digging (5)
 G - a wand of disintegration (8)
 K - a wand of polymorph (3)
Scrolls
 h - 3 scrolls of magic mapping
 j - 2 scrolls of blinking
 n - 3 scrolls of teleportation {@r4}
 r - a scroll of fear
 s - 2 scrolls of identify {@r1}
 u - 2 scrolls of amnesia
 v - 4 scrolls of remove curse {@r2}
 B - a scroll of immolation
 D - a scroll of acquirement {unknown}
Potions
 b - a potion of resistance {unknown}
 d - 2 potions of haste {@q3}
 e - 3 potions of stabbing
 f - a potion of heal wounds {@q2}
 g - 3 potions of curing {@q1}
 i - 2 potions of ambrosia
 k - 2 potions of invisibility
 l - 3 potions of lignification
 o - a potion of berserk rage {!q}
 t - 2 potions of mutation
 J - a potion of brilliance {unknown}
Miscellaneous
 E - a phantom mirror
Comestibles
 c - 14 rations {@e1}

Dungeon Overview and Level Annotations

Branches:
Dungeon (10/15)            Temple (1/1) D:5
   Lair: D:8-11         Orc: D:9-12

Altars:
Ashenzari
Cheibriados
Dithmenos
Elyvilon
Fedhas
Gozag
Hepliaklqana
Kikubaaqudgha
Makhleb
Nemelex Xobeh
Okawaru
Qazlal
Ru
Sif Muna
Trog
Uskayaw
Vehumet
Wu Jian
Xom
Yredelemnul
Zin
The Shining One

Shops:
D:9 *   D:10 *

Annotations:
D:1 Terence
D:5 1 runed translucent door

[≈...≈≈≈≈.....#
≈≈≈..≈≈≈≈≈≈≈≈≈..##
≈≈≈≈≈≈≈≈≈≈≈≈≈....#
.≈≈≈.;;..≈≈......#
≈.≈.......≈.....#
..≈............#
#....†.'..#..####
#.####......##.......#
#....@......########..
+..####......# ##.
#..>...# ## #......#
########


You could see 2 electric eels.


Message History

You start resting.
An electric eel comes into view.
Casting: Shock (safe; 1% risk of failure)
Confirm with . or Enter, or press ? or * to list all spells.
You can't see any susceptible monsters within range! (Use Z to cast anyway.)
The electric eel shoots out a bolt of lightning at you!
The bolt of electricity hits you! The bolt of electricity misses you.
There is an open door here.
The electric eel shoots out a bolt of lightning at you!
The bolt of electricity hits you!
The electric eel shoots out a bolt of lightning at you!
The bolt of electricity hits you!
Found a chain mail.
The electric eel shoots out a bolt of lightning at you!
The bolt of electricity hits you!
* * * LOW HITPOINT WARNING * * *
The electric eel shoots out a bolt of lightning at you!
The bolt of electricity hits you!
* * * LOW HITPOINT WARNING * * *
The electric eel shoots out a bolt of lightning at you!
The bolt of electricity misses you.
You reach down and open the door.
The electric eel shoots out a bolt of lightning at you!
The bolt of electricity hits you!
* * * LOW HITPOINT WARNING * * *
The electric eel shoots out a bolt of lightning at you!
The bolt of electricity hits you!
* * * LOW HITPOINT WARNING * * *
The bolt of electricity hits you!
You die...

Skill      XL: |  1  2  3  4  5  6  7  8  9 10 11 |
---------------+----------------------------------+-----
Air Magic      | 5 6 7 8 10 11 | 11.7
Conjurations   | 3 4 6 8 |  8.0
Fighting       | 1 4 5 8 9 |  9.3
Dodging        | 3 4 8 |  8.0
Spellcasting   | 3 4 6 |  6.0
Stealth        | |  2.0

Action                   |  1- 3 |  4- 6 |  7- 9 | 10-12 || total
-------------------------+-------+-------+-------+-------++-------
Melee: Whip              |    17 |     6 |    25 |    25 ||    73
       Kick              |     4 |     1 |     4 |    10 ||    19
       Peck              |     2 |     1 |     3 |     5 ||    11
 Cast: Shock             |    91 |    78 |   281 |   119 ||   569
       Swiftness         |     3 |       |       |     2 ||     5
       Static Discharge  |       |     4 |    34 |    22 ||    60
       Airstrike         |       |       |    13 |    12 ||    25
       Lightning Bolt    |       |       |     2 |     9 ||    11
 Abil: Fly               |       |       |     1 |       ||     1
Evoke: Wand              |       |       |     1 |     1 ||     2
  Use: Scroll            |    11 |     4 |     7 |       ||    22
  Eat: Chunk             |     3 |     4 |    11 |     7 ||    25
       Ration            |     1 |     1 |     4 |     2 ||     8
Armor: Robe              |     4 |     2 |     9 |     4 ||    19
Dodge: Dodged            |    28 |    11 |    80 |    66 ||   185

Levels and vault maps discovered:
D:1:      psy_arrival_fountain, layout_basic
D:2:      layout_basic, chequers_ecumenical_altar_twisty, moated_statue,
          uniq_terence
D:3:      layout_rooms, marbit_many_paths, lemuel_coloured_pillars_altar,
          corexii_hall_statues_l
D:4:      layout_basic
D:5:      layout_basic, kennysheep_ying_yang, minitemple, temple_statues,
          ebering_ghost_sewer_f, first_ration, elyvilon_altar_5, uniq_grinder,
          uniq_edmund, uniq_duvessa
D:6:      layout_basic, tgw_sif
D:7:      layout_basic, gammafunk_temple_overflow_forgotten, grunt_ministairs_2
D:8:      layout_basic, uniq_harold, uniq_prince_ribbit1
D:9:      layout_loops_corners, serial_shops, shop_fountains, the_bakery,
          sword_in_stone
D:10:     layout_roguey, erik_lair_island, nicolae_blasting_shop
Temple:   nicolae_temple_hex_pool

Notes
Turn   | Place    | Note
-------+----------+-------------------------------------------
     0 | D:1      | stebl the Tengu Air Elementalist began the quest for the
                  | Orb.
     0 | D:1      | Reached XP level 1. HP: 10/10 MP: 4/4
   257 | D:1      | Reached XP level 2. HP: 15/15 MP: 1/6
   380 | D:1      | Learned a level 2 spell: Swiftness
   723 | D:1      | Reached skill level 5 in Air Magic
   999 | D:2      | Reached XP level 3. HP: 19/19 MP: 5/7
  1495 | D:2      | Noticed Terence
  2024 | D:2      | Found a faded altar of an unknown god.
  2247 | D:3      | Found an opulent altar of Gozag.
  2402 | D:3      | Learned a level 3 spell: Static Discharge
  2494 | D:3      | Reached XP level 4. HP: 24/24 MP: 3/9
  2615 | D:3      | Reached skill level 2 in Conjurations
  2623 | D:3      | Reached skill level 6 in Air Magic
  2946 | D:3      | Found a sacrificial altar of Ru.
  3287 | D:4      | Noticed a phantom
  3343 | D:4      | Reached skill level 3 in Conjurations
  3343 | D:4      | Gained mutation: You can fly continuously. [Tengu growth]
  3343 | D:4      | Reached XP level 5. HP: 22/28 MP: 0/10
  3563 | D:4      | Noticed an ogre
  3590 | D:4      | Killed an ogre
  3590 | D:4      | Reached skill level 4 in Conjurations
  3590 | D:4      | Reached skill level 7 in Air Magic
  3590 | D:4      | Reached XP level 6. HP: 29/32 MP: 0/11
  3762 | D:4      | You fall into a shaft and drop 1 floor!
  3762 | D:5      | Entered Level 5 of the Dungeon
  3941 | D:4      | Killed a phantom
  3941 | D:4      | Reached skill level 8 in Air Magic
  3941 | D:4      | Reached skill level 1 in Fighting
  4185 | D:4      | Reached skill level 3 in Dodging
  4333 | D:4      | Reached XP level 7. HP: 39/39 MP: 7/12
  4483 | D:5      | Noticed Grinder
  4514 | D:5      | Noticed Duvessa
  4514 | D:5      | Noticed Dowan
  4583 | D:5      | Reached skill level 2 in Fighting
  4926 | D:6      | HP: 4/40 [orc wizard/magic dart (7)]
  5359 | D:5      | Found a runed translucent door.
  5366 | D:5      | Noticed Tiocfaidh's ghost (novice CeHu)
  5864 | D:6      | Reached skill level 3 in Fighting
  5864 | D:6      | Reached skill level 4 in Dodging
  6099 | D:6      | Reached skill level 4 in Fighting
  6202 | D:6      | Noticed Blork the orc
  6210 | D:6      | Killed Blork the orc
  6288 | D:6      | Found a shimmering blue altar of Sif Muna.
  6340 | D:6      | Reached skill level 3 in Spellcasting
  6340 | D:6      | Reached XP level 8. HP: 48/48 MP: 4/13
  6559 | D:6      | Learned a level 4 spell: Airstrike
  6843 | D:6      | Reached skill level 9 in Air Magic
  6849 | D:6      | Reached skill level 5 in Conjurations
  7737 | D:7      | Reached skill level 4 in Spellcasting
  7737 | D:7      | Reached skill level 10 in Air Magic
  7862 | D:7      | Reached skill level 6 in Conjurations
  7930 | D:7      | Reached XP level 9. HP: 46/52 MP: 8/16
  8078 | D:7      | Learned a level 5 spell: Lightning Bolt
  8134 | D:7      | Found a glowing silver altar of Zin.
  8134 | D:7      | Found a sparkling altar of Nemelex Xobeh.
  8134 | D:7      | Found a burning altar of Makhleb.
  8618 | D:7      | Reached skill level 7 in Conjurations
  8639 | D:7      | Reached skill level 5 in Spellcasting
  9056 | D:5      | Killed Dowan
  9117 | D:5      | Found a staircase to the Ecumenical Temple.
  9182 | Temple   | Entered the Ecumenical Temple
  9256 | Temple   | Became a worshipper of Vehumet
  9311 | D:5      | Found a white marble altar of Elyvilon.
  9406 | D:5      | Found a white marble altar of Elyvilon.
  9475 | D:5      | Noticed Edmund
  9482 | D:5      | Killed Edmund
  9546 | D:5      | Killed Grinder
  9546 | D:5      | Reached skill level 8 in Conjurations
  9546 | D:5      | Reached skill level 11 in Air Magic
  9666 | D:5      | Found a basalt altar of Yredelemnul.
  9697 | D:5      | Found an ancient bone altar of Kikubaaqudgha.
  9701 | D:5      | Found a hide-covered altar of Uskayaw.
  9731 | D:5      | Killed Duvessa
  9926 | D:5      | Found a runed translucent door.
 10071 | D:5      | Killed Tiocfaidh's ghost
 10336 | D:8      | Reached skill level 6 in Spellcasting
 10791 | D:8      | Noticed Harold
 10842 | D:8      | Reached skill level 5 in Fighting
 11003 | D:8      | Reached XP level 10. HP: 59/59 MP: 16/20
 11208 | D:8      | Noticed Prince Ribbit
 11216 | D:8      | Killed Prince Ribbit
 11451 | D:8      | Reached * piety under Vehumet
 11451 | D:8      | Offered knowledge of Sandblast by Vehumet.
 11451 | D:8      | Reached skill level 5 in Dodging
 11462 | D:8      | Killed Harold
 11462 | D:8      | Reached skill level 6 in Fighting
 11468 | D:8      | Reached skill level 6 in Dodging
 12018 | D:9      | Reached skill level 7 in Fighting
 12318 | D:9      | Noticed a two-headed ogre
 12326 | D:9      | Killed a two-headed ogre
 12326 | D:9      | Reached skill level 7 in Dodging
 12490 | D:9      | Found Qocvapni's General Store.
 13070 | D:9      | Reached skill level 8 in Fighting
 13074 | D:9      | Reached skill level 8 in Dodging
 13191 | D:9      | Reached XP level 11. HP: 68/68 MP: 16/21
 13478 | D:10     | Entered Level 10 of the Dungeon
 13570 | D:10     | Reached skill level 9 in Fighting
 13580 | D:10     | Offered knowledge of Freeze by Vehumet.
 13756 | D:10     | Found Naqoivel's Demolitions Depot.
 13776 | D:10     | Bought an uncursed staff of conjuration for 275 gold pieces
 13921 | D:10     | Reached ** piety under Vehumet
 13990 | D:10     | HP: 3/71 [electric eel/bolt of electricity (9)]
 13990 | D:10     | Killed from afar by an electric eel

Vanquished Creatures
  Harold (D:8)
  A two-headed ogre (D:9)
  The ghost of Tiocfaidh the Vandal, a novice CeHu of Okawaru (D:5)
  4 trolls
  Grinder (D:5)
  Prince Ribbit (D:8)
  A spriggan (D:9)
  A hungry ghost (D:9)
  Edmund (D:5)
  Duvessa (D:5)
  An ice beast (D:9)
  2 orc warriors
  A black bear (D:9)
  2 necrophages
  A phantom (D:4)
  3 ogres
  2 wolves (D:10)
  4 centaurs
  Blork the orc (D:6)
  2 bullfrogs (D:7)
  A big kobold (D:9)
  4 gnoll sergeants
  2 scorpions
  Dowan (D:5)
  3 killer bees (D:7)
  16 wights
  6 howler monkeys
  2 crimson imps
  8 hounds
  3 orc priests (D:8)
  A centaur skeleton (D:4)
  A bullfrog skeleton (D:7)
  6 worker ants
  3 iguanas
  3 orc wizards
  2 hound zombies
  A hound skeleton (D:5)
  A worker ant zombie (D:5)
  8 adders
  6 gnolls
  A river rat (D:5)
  3 oozes
  2 adder skeletons
  An adder zombie (D:5)
  2 worms
  3 leopard geckos
  15 orcs
  2 bats
  9 giant cockroaches
  2 goblins (D:1)
  5 hobgoblins
  5 jackals
  15 kobolds
  2 quokkas
  A frilled lizard (D:1)
  A jackal skeleton (D:4)
  5 rats
184 creatures vanquished.

Vanquished Creatures (others)
  A plant (D:7)
1 creature vanquished.

Grand Total: 185 creatures vanquished

Table legend:
 A = Turns spent in this place as a percentage of turns spent in the entire game.
 B = Non-inter-level travel turns spent in this place as a percentage of non-inter-level travel turns spent in the entire game.
 C = Inter-level travel turns spent in this place as a percentage of turns spent in this place.
 D = Turns resting spent in this place as a percentage of non-inter-level travel turns spent in this place.
 E = Turns spent auto-exploring this place as a percentage of non-inter-level travel turns spent in this place.
 F = Non-inter-level travel turns spent in this place divided by the number of levels of this place that you've seen.
                   A       B       C       D       E      F
               +-------+-------+-------+-------+-------+----------------------
         Total | 100.0 | 100.0 |   3.5 |  31.0 |  53.1 | 1227.1
       Dungeon |  99.4 |  99.4 |   3.5 |  31.2 |  52.9 | 1342.2
        Temple |   0.6 |   0.6 |  10.6 |   0.0 |  89.5 |  76.0
               +-------+-------+-------+-------+-------+----------------------

Table legend:
 A = Non-vault XP
 B = Vault XP
 C = Vault XP percentage of total XP
 D = Non-vault monster count
 E = Vault monster count
 F = Vault count percentage of total count
                 A         B        C        D         E       F
            +---------+---------+-------+---------+---------+-------
      Total |    6462 |    4229 |  39.6 |     154 |      30 |  16.3
            +---------+---------+-------+---------+---------+-------
        D:1 |      33 |       0 |   0.0 |      17 |       0 |   0.0
        D:2 |      35 |       0 |   0.0 |      12 |       0 |   0.0
        D:3 |      70 |       2 |   2.8 |       9 |       1 |  10.0
        D:4 |     501 |       0 |   0.0 |      20 |       0 |   0.0
        D:5 |     199 |    1119 |  84.9 |      12 |       8 |  40.0
        D:6 |     771 |      99 |  11.4 |      17 |       1 |   5.6
        D:7 |    1136 |     340 |  23.0 |      26 |       5 |  16.1
        D:8 |     887 |    1267 |  58.8 |      19 |       2 |   9.5
        D:9 |    2384 |     719 |  23.2 |      20 |       7 |  25.9
       D:10 |     446 |     683 |  60.5 |       2 |       6 |  75.0
            +---------+---------+-------+---------+---------+-------
